[Event "ICC tourney 1934 (60 10)"]
[Site "Internet Chess Club"]
[Date "2020.07.26"]
[Round "7"]
[White "ScoutViolet"]
[Black "cdj12417489"]
[Result "1-0"]
[ICCResult "Black checkmated"]
[WhiteElo "1310"]
[BlackElo "1127"]
[Opening "Sicilian: Najdorf, Lipnitzky attack"]
[ECO "B90"]
[NIC "SI.13"]
[Time "17:01:07"]
[TimeControl "3600+10"]

1. e4 c5 2. Nf3 d6 3. d4 cxd4 4. Nxd4 Nf6 5. Nc3 a6 6. Bc4 b5 7. Bd5 Nxd5 8.
exd5 Bb7 9. a3 g6 10. Bg5 Bg7 11. O-O O-O 12. Qd2 Nd7 13. Bh6 Nb6 14. Bxg7
Kxg7 15. Qg5 e6 16. Qxd8 Raxd8 17. dxe6 fxe6 18. Nxe6+ Kf6 19. Nxf8 Rxf8 20.
Rad1 d5 21. Rfe1 Rd8 22. Ne4+ Kg7 23. Nc5 Bc8 24. b3 Rd6 25. Nd3 Kf6 26. Nc5
a5 27. Ne4+ Ke7 28. Nxd6+ Kxd6 29. Re2 a4 30. bxa4 bxa4 31. Rb1 Nc4 32. Ra1
Be6 33. c3 h5 34. f3 Bf5 35. h3 Be6 36. g4 h4 37. f4 Bd7 38. Kg2 Bc6 39. Kf2
Bd7 40. Ke1 Be6 41. Kd1 Bd7 42. Kc2 Bb5 43. Kd1 Bd7 44. Kc1 Bb5 45. Rf2 Bd7
46. f5 gxf5 47. gxf5 Ne5 48. Kc2 Be8 49. Re1 Bf7 50. Kb2 Nc4+ 51. Ka2 Nb6
52. Rf4 Nc4 53. Rxh4 Ne5 54. Rh6+ Kc5 55. Rxe5 Kc4 56. Re7 Kxc3 57. Rxf7 d4
58. Rd6 d3 59. h4 d2 60. Rc7# {Black checkmated} 1-0

[Event "ICC tourney 1934 (60 10)"]
[Site "Internet Chess Club"]
[Date "2020.07.26"]
[Round "7"]
[White "siddhu25"]
[Black "saisneha"]
[Result "0-1"]
[ICCResult "White resigns"]
[WhiteElo "1476"]
[BlackElo "1609"]
[Opening "Giuoco Piano"]
[ECO "C50"]
[NIC "IG.02"]
[Time "17:01:12"]
[TimeControl "3600+10"]

1. e4 e5 2. Nf3 Nc6 3. Bc4 Bc5 4. O-O Nf6 5. d4 Bxd4 6. Nxd4 Nxd4 7. f4 d6
8. fxe5 dxe5 9. Bg5 Be6 10. Na3 Qe7 11. Bd5 O-O-O 12. c3 Nc6 13. Qf3 Bxd5
14. Bxf6 gxf6 15. exd5 Qc5+ 16. Kh1 Qxd5 17. Qxf6 Rhg8 18. Rf2 e4 19. Re1
Ne5 20. h3 Nd3 21. Rd2 Rg6 22. Qh4 Qf5 23. Rxe4 Rdg8 24. Ree2 Qf1+ 25. Kh2
Nf4 26. Qf2 Rxg2+ 27. Qxg2 Nxg2 28. Rxg2 Rxg2+ 29. Rxg2 f5 30. Nc2 f4 31.
Nd4 f3 32. Rg8+ Kd7 33. Rg7+ Ke8 34. Rg8+ Kf7 35. Rg1 Qf2+ 36. Kh1 c5 37.
Nf5 Qxb2 38. Nd6+ Ke6 39. Ne4 Qxa2 40. Nxc5+ Kd5 41. Nd3 Qd2 42. c4+ Ke4 43.
Nc5+ Kf4 44. Ne6+ Ke3 45. Nc7 f2 46. Nd5+ Ke2 47. Rg2 Kf3 48. Kh2 Qe1 49.
Rg3+ Ke4 50. Nf6+ Kf5 51. Rf3+ Kg6 52. Nd7 f1=Q 53. Nf8+ Kh6 54. Rxf1 Qxf1
55. Nd7 Qe2+ 56. Kg3 Qd3+ 57. Kg2 Qxd7 {White resigns} 0-1

[Event "ICC tourney 1934 (60 10)"]
[Site "Internet Chess Club"]
[Date "2020.07.26"]
[Round "7"]
[White "winner08"]
[Black "Mapking1"]
[Result "0-1"]
[ICCResult "White checkmated"]
[WhiteElo "1633"]
[BlackElo "1629"]
[Opening "Sicilian: Canal-Sokolsky (Nimzovich-Rossolimo, Moscow) attack"]
[ECO "B51"]
[NIC "SI.01"]
[Time "17:00:49"]
[TimeControl "3600+10"]

1. e4 c5 2. Nf3 d6 3. Bb5+ Nd7 4. c3 Nf6 5. Qe2 e6 6. O-O Be7 7. d4 O-O 8.
Rd1 a6 9. Ba4 b5 10. Bc2 Bb7 11. Bf4 Rc8 12. Na3 cxd4 13. cxd4 Nb6 14. e5
Nfd5 15. Bg3 Qc7 16. Rac1 Qd7 17. Qd3 g6 18. Qd2 b4 19. Nb1 Nc4 20. Qh6 dxe5
21. Nxe5 Nxe5 22. Bxe5 f6 23. Bxg6 hxg6 24. Qxg6+ Kh8 25. Qh6+ Kg8 26. Rd3
Rxc1+ 27. Qxc1 fxe5 28. Qh6 Bf6 29. Rg3+ Bg7 30. Qd2 exd4 31. Qxd4 Qc7 32.
Qd2 Qf4 33. Qe1 Qf6 34. Nd2 Nf4 35. Ne4 Bxe4 36. Qxe4 Qf5 37. Qe1 Ne2+ 38.
Qxe2 Qb1+ 39. Qf1 Qxb2 40. h3 Qxa2 41. f3 a5 42. Qb5 Qb1+ 43. Kh2 Qf5 44.
Qd7 Rf7 45. Qd8+ Kh7 46. Qh4+ Kg8 47. Qd8+ Rf8 48. Qd7 Qe5 49. f4 Qf6 50.
Qc7 b3 51. Rxb3 Qxf4+ 52. Qxf4 Rxf4 53. Rb5 a4 54. Ra5 Kf7 55. g3 Rf2+ 56.
Kg1 Ra2 57. Ra7+ Kg6 58. Ra6 Kf5 59. g4+ Ke5 60. g5 a3 61. g6 Rc2 62. Rxa3
Kf5 63. Ra6 e5 64. Kf1 Bf6 65. h4 Rh2 66. h5 Rxh5 67. Kg2 Kxg6 68. Kf3 Kf5
69. Ra5 Rh3+ 70. Kg2 Rb3 71. Kf2 Kf4 72. Ra6 Rb2+ 73. Ke1 Bh4+ 74. Kd1 e4
75. Ra4 Kf3 76. Kc1 Rh2 77. Ra8 Bg5+ 78. Kd1 e3 79. Rf8+ Bf4 80. Re8 Rh1+
81. Kc2 e2 82. Kd3 e1=Q 83. Rxe1 Rxe1 84. Kd4 Bh2 85. Kd3 Rd1+ 86. Kc2 Rd8
87. Kc3 Be5+ 88. Kc4 Bc3 89. Kc5 Bb4+ 90. Kc4 Ke4 91. Kb5 Rc8 92. Kb6 Ba5+
93. Kb5 Kd5 94. Ka6 Be1 95. Kb7 Rc1 96. Kb6 Bh4 97. Kb7 Kd6 98. Kb6 Rb1+ 99.
Ka7 Kc6 100. Ka8 Kc7 101. Ka7 Ra1# {White checkmated} 0-1

[Event "ICC tourney 1934 (60 10)"]
[Site "Internet Chess Club"]
[Date "2020.07.26"]
[Round "7"]
[White "MysteryHunter"]
[Black "erumaimadugod"]
[Result "0-1"]
[ICCResult "White resigns"]
[WhiteElo "1564"]
[BlackElo "1664"]
[Opening "Ruy Lopez: ...b5 & ...d6"]
[ECO "C70"]
[NIC "RL.09"]
[Time "17:01:12"]
[TimeControl "3600+10"]

1. e4 e5 2. Nf3 Nc6 3. Bb5 a6 4. Ba4 b5 5. Bb3 Nf6 6. O-O d6 7. h3 Na5 8. d3
Nxb3 9. axb3 Be7 10. Re1 O-O 11. Nc3 Bb7 12. Be3 h6 13. Nh2 Nh7 14. f4 exf4
15. Bxf4 Bg5 16. Rf1 f5 17. Bxg5 Qxg5 18. Qe2 fxe4 19. Nxe4 Bxe4 20. Qxe4
Nf6 21. Qd4 Rfe8 22. Rae1 Rxe1 23. Rxe1 Kh8 24. Nf3 Qd5 25. Kf2 Qc6 26. Re2
Re8 27. Rxe8+ Nxe8 28. Qc3 Qb6+ 29. Qd4 Qc6 30. Qc3 Qb6+ 31. Qd4 c5 32. Qe3
Nf6 33. b4 Qc6 34. bxc5 dxc5 35. Qe7 c4 36. dxc4 Qxc4 37. Qd8+ Ng8 38. Qd3
Qc5+ 39. Kf1 Nf6 40. Qd8+ Kh7 41. Qd3+ Kg8 42. c3 Nd5 43. Nd4 Qf8+ 44. Kg1
Qf4 45. Qe2 Qe3+ 46. Qxe3 Nxe3 47. Ne6 Nd1 48. Nc7 Nxb2 49. Nxa6 Nd1 50. Nb4
Nxc3 51. Kf2 Kf7 52. Ke3 Ke6 53. Kd4 Ne2+ 54. Ke3 Ng3 55. Kd4 Nf5+ 56. Kc5
Ne3 57. g4 Ng2 58. Nd3 Kf6 59. Kxb5 Kg5 60. Kc5 Kh4 61. Kd4 Kxh3 62. Ne5 Kh4
63. Ke4 Kg5 64. Kf3 Ne1+ 65. Kg3 Kf6 66. Nc4 g6 67. Ne3 Nd3 68. Ng2 Kg5 69.
Ne3 Ne5 70. Ng2 Nxg4 71. Nh4 Ne5 72. Ng2 h5 73. Nh4 Kf6 74. Nxg6 Nxg6 75.
Kh3 Kg5 76. Kg3 h4+ 77. Kh3 Nf4+ 78. Kh2 Kg4 79. Kg1 Kg3 80. Kh1 Kh3 81. Kg1
Ne2+ 82. Kh1 Nf4 83. Kg1 Kg3 84. Kh1 h3 85. Kg1 Nd3 86. Kh1 Nf2+ 87. Kg1 h2+
88. Kf1 h1=Q+ {White resigns} 0-1